 Dungeon Crawl Stone Soup version 0.23.2-40-g277498a001 (webtiles) character file.

Game seed: 10202162967681466270

392 Ruokin the Slasher (level 6, -4/53 HPs)
             Began as a Minotaur Fighter on Oct 22, 2019.
             Was an Initiate of the Shining One.
             Killed by nerve-wracking pain
             ... invoked by an orc priest
              (5 damage)
             ... on level 4 of the Dungeon.
             The game lasted 00:10:48 (2637 turns).

Ruokin the Slasher (Minotaur Fighter)               Turns: 2637, Time: 00:10:48

Health: -4/53      AC: 13    Str: 23    XL:     6   Next: 51%
Magic:  5/5        EV:  8    Int:  5    God:    the Shining One [......]
Gold:   172        SH:  0    Dex:  9    Spells: 5/5 levels left

rFire    . . .     SeeInvis +   r - +2 mace (holy)
rCold    . . .     Gourm    .   c - +0 shield
rNeg     . . .     Faith    .   b - +1 scale mail
rPois    .         Spirit   .   (helmet restricted)
rElec    .         Reflect  .   (no cloak)
rCorr    .         Harm     .   u - +0 pair of gloves
MR       .....                  o - +0 pair of boots
Stlth    ..........             (no amulet)
HPRegen  0.17/turn              g - +3 ring of protection
MPRegen  0.09/turn              l - ring of see invisible

@: confused, glowing
A: retaliatory headbutt, horns 2
a: Renounce Religion


You were on level 4 of the Dungeon.
You worshipped the Shining One.
The Shining One was noncommittal.
You were not hungry.

You visited 2 branches of the dungeon, and saw 5 of its levels.

You collected 172 gold pieces.

Inventory:

Hand Weapons
 a - a +0 long sword
 r - a +2 mace of holy wrath (weapon)
Armour
 b - a +1 scale mail (worn)
 c - a +0 shield (worn)
 o - a +0 pair of boots (worn)
 u - a +0 pair of gloves (worn)
Jewellery
 g - a +3 ring of protection (left hand)
 h - a +2 ring of intelligence
 l - a ring of see invisible (right hand)
Scrolls
 e - 4 scrolls of remove curse
 j - a scroll of enchant armour
 q - a scroll of random uselessness {unknown}
 s - a scroll of teleportation {unknown}
Potions
 d - a potion of might
 i - a potion of mutation {unknown}
 k - 3 potions of brilliance {unknown}
 m - a potion of haste {unknown}
 n - a potion of curing {unknown}
 p - 2 potions of agility {unknown}
 t - 2 potions of resistance {unknown}
Comestibles
 f - 7 rations


   Skills:
 + Level 4.5 Fighting
 + Level 5.1 Long Blades
 + Level 1.4 Maces & Flails
 + Level 5.1 Armour
 + Level 1.8 Dodging
 + Level 0.7 Stealth
 + Level 5.0 Shields


You had 5 spell levels left.
You didn't know any spells.
Your spell library was empty.

Dungeon Overview and Level Annotations

Branches:
Dungeon (4/15)             Temple (1/1) D:4

Altars:
Ashenzari
Cheibriados
Dithmenos
Elyvilon
Fedhas
Gozag
Hepliaklqana
Kikubaaqudgha
Makhleb
Nemelex Xobeh
Okawaru
Qazlal
Ru
Sif Muna
Trog
Vehumet
Wu Jian
Xom
Yredelemnul
Zin
The Shining One

Shops:
D:4 *


Innate Abilities, Weirdness & Mutations

You reflexively headbutt those who attack you in melee.
You have a pair of horns on your head.


Message History

You furiously retaliate!
You headbutt the orc wizard.
The orc priest mumbles some strange prayers to Beogh against you.
Beogh smites you!
* * * LOW HITPOINT WARNING * * *
Okay, then.
You don't know any spells.
The orc wizard gestures at you while chanting.
You are confused.
The orc priest mumbles some strange prayers to Beogh against you.
Beogh smites you!
* * * LOW HITPOINT WARNING * * *
You're too confused to move!
The orc wizard points at you and mumbles some strange words.
The puff of frost hits the orc wizard!
The orc wizard dies!
You bump into the rock wall.
You bump into the rock wall.
The orc priest mumbles some strange prayers to Beogh against you.
Pain shoots through your body!
You die...

#..............#### #.#
#..................#######.#
#######.###..#####.........#
#..# #.## ####.##.. #.## #.#
#. ### .. #.# # # ... #.# #
#.# ## #@# #. #.# #. #)# #.
##o# #. #oo# #. #o## ##
#oo.Z.o.. #........
#......?. #####


You could see an orc priest, 3 orc wizards and an orc.

Vanquished Creatures
  A scorpion (D:4)
  2 orc wizards
  2 orc priests
  2 worker ants (D:4)
  6 adders
  An adder skeleton (D:4)
  A worm (D:2)
  A dart slug (D:4)
  4 leopard geckos
  24 orcs
  5 giant cockroaches
  A goblin (D:2)
  6 hobgoblins
  3 jackals (D:1)
  A quokka (D:2)
  A ball python (D:1)
  5 bats
  8 frilled lizards
  7 kobolds
  A leopard gecko skeleton (D:4)
  2 quokka skeletons (D:4)
  7 rats
91 creatures vanquished.

Vanquished Creatures (others)
  An orc wizard (D:4)
1 creature vanquished.

Grand Total: 92 creatures vanquished

Notes
Turn   | Place    | Note
-------+----------+-------------------------------------------
     0 | D:1      | Ruokin the Minotaur Fighter began the quest for the Orb.
     0 | D:1      | Reached XP level 1. HP: 19/19 MP: 0/0
   284 | D:1      | Reached XP level 2. HP: 26/27 MP: 1/1
   619 | D:2      | Reached XP level 3. HP: 33/33 MP: 2/2
  1263 | D:3      | Reached XP level 4. HP: 40/40 MP: 3/3
  1469 | D:3      | Reached XP level 5. HP: 17/46 MP: 4/4
  1470 | D:3      | Reached skill level 1 in Dodging
  2295 | D:4      | Found Guyt's General Store.
  2330 | D:4      | Reached XP level 6. HP: 50/53 MP: 5/5
  2366 | D:4      | Reached skill level 5 in Long Blades
  2375 | D:4      | Found a staircase to the Ecumenical Temple.
  2384 | Temple   | Entered the Ecumenical Temple
  2449 | Temple   | Became a worshipper of the Shining One
  2624 | D:4      | Reached skill level 1 in Maces & Flails
  2624 | D:4      | Reached skill level 5 in Armour
  2624 | D:4      | Reached skill level 5 in Shields
  2634 | D:4      | HP: 1/53 [orc priest/divine providence (12)]
  2637 | D:4      | Killed from afar by an orc priest

Skill      XL: |  1  2  3  4  5  6 |
---------------+-------------------+-----
Armour         | 4 5 |  5.1
Fighting       | 4 |  4.5
Long Blades    | 3 4 5 |  5.1
Shields        | 4 5 |  5.0
Dodging        | 1 |  1.8
Maces & Flails | 1 |  1.4
Stealth        | |  0.7

Action                   |  1- 3 |  4- 6 || total
-------------------------+-------+-------++-------
Melee: Long sword        |    74 |    68 ||   142
       Headbutt          |    11 |    21 ||    32
       Mace              |       |    60 ||    60
  Use: Scroll            |     2 |     2 ||     4
  Eat: Chunk             |     1 |       ||     1
       Ration            |       |     2 ||     2
Armor: Scale mail        |    29 |    51 ||    80
Dodge: Dodged            |    17 |    41 ||    58
Block: Shield            |    50 |    75 ||   125
       Rpst.: Long sword |     7 |     3 ||    10
